Map: Ruins of Seras

Players

AcerBly (Bly)

  • Race: Zerg Zerg
  • League: Grandmaster

Nerchio - Winner!

  • Race: Zerg Zerg
  • League: Grandmaster

VOD

Have the link to the VOD?

Description

Time

  • Played on: Dec. 14, 2015, 9:09 p.m.
  • Length: 9:32
Show
View Real Time Build Order
Export as new Build Order

AcerBly Zerg 

Build Orders: Hatch First 

Get SALT Encoding   

  12  0:01  Drone  
  13  0:13  Overlord  
  13  0:18  Drone  
  14  0:31  Drone  
  14  0:32  Drone  
  16  0:37  Drone  
  17  0:54  Hatchery  
  16  0:58  Drone  
  16  1:00  Drone  
  18  1:06  Extractor  
  17  1:17  Spawning Pool  
  16  1:21  Drone  
  16  1:24  Drone  
  18  1:32  Drone  
  19  1:41  Overlord  
  19  1:54  Drone  
  20  2:00  Drone  
  21  2:04  Queen  
  21  2:05  Queen  
  25  2:08  Zergling x2  
  25  2:12  Metabolic Boost  
  26  2:16  Drone  
  26  2:19  Drone  
  28  2:29  Drone x2  
  30  2:34  Baneling Nest  
  29  2:38  Drone  
  29  2:40  Overlord  
  30  2:50  Zergling x2  
  30  2:51  Zergling x2  
  32  2:57  Drone  
  33  3:01  Drone  
  34  3:11  Zergling x4  
  36  3:16  Drone  
  36  3:17  Drone x5  
  36  3:19  Baneling x4  
  42  3:23  Overlord  
  41  3:36  Evolution Chamber  
  41  3:38  Drone x3  
  41  3:40  Extractor  
  42  3:42  Overlord  
  42  3:49  Overlord  
  42  3:53  Queen x2  
  42  3:55  Zergling x4  
  48  3:57  Zergling x2  
  49  4:08  Drone x2  
  49  4:09  Drone  
  51  4:11  Extractor  
  51  4:14  Zergling x2  
  51  4:20  Drone x3  
  54  4:28  Drone x2  
  54  4:29  Drone  
  57  4:32  Baneling  
  57  4:33  Baneling  
  56  4:42  Overlord  
  56  4:43  Zerg Ground Armor Level 1  
  56  4:45  Zergling x8  
  56  4:59  Hatchery  
  54  5:00  Lair  
  54  5:02  Extractor  
  54  5:03  Roach Warren, Baneling  
  54  5:05  Zergling x6  
  55  5:12  Drone x4  
  59  5:15  Baneling x2  
  61  5:28  Drone x4  
  61  5:32  Overlord  
  61  5:35  Overlord  
  60  5:51  Overlord  
  60  5:55  Baneling x2  
  60  5:58  Glial Reconstitution  
  60  5:59  Hatchery  
  60  6:01  Nydus Network  
  60  6:04  Roach x6  
  70  6:18  Roach x6  
  81  6:32  Overlord  
  78  6:40  Nydus Canal  
  78  6:45  Zerg Missile Weapons Level 1, Roach x6  
  78  6:46  Roach  
  92  6:50  Baneling x4  
  90  7:03  Nydus Canal  
  86  7:09  Drone x7  
  86  7:10  Drone x2  
  93  7:21  Roach x3  
  96  7:30  Drone x2  
  96  7:34  Tunneling Claws  
  96  7:35  Burrow, Overlord  
  93  7:43  Roach x2  
  93  7:44  Roach x4  
  105  7:57  Roach  
  105  7:58  Roach  
  105  8:02  Roach x3  
  103  8:10  Roach  
  103  8:11  Roach x4  
  99  8:17  Roach  
  99  8:19  Roach  
  103  8:20  Roach x4  
  86  8:39  Roach x2  
  74  8:42  Roach x3  
  74  8:43  Roach x4  
  79  8:54  Roach x2  
Show
View Real Time Build Order
Export as new Build Order

Nerchio Zerg - Winner!

Build Orders: Hatch First 

Get SALT Encoding   

  12  0:01  Drone  
  13  0:12  Overlord  
  13  0:17  Drone  
  14  0:32  Drone x2  
  14  0:34  Drone  
  17  0:53  Hatchery  
  17  0:56  Drone  
  17  1:00  Drone  
  17  1:03  Extractor  
  17  1:18  Spawning Pool  
  16  1:21  Drone  
  16  1:24  Drone  
  18  1:28  Drone  
  19  1:39  Overlord  
  19  2:05  Metabolic Boost, Queen, Zergling x4  
  23  2:11  Queen  
  23  2:15  Zergling x2  
  26  2:24  Baneling Nest  
  26  2:25  Drone  
  26  2:28  Drone  
  27  2:32  Drone  
  27  2:35  Drone  
  29  2:39  Drone  
  29  2:43  Drone  
  31  2:45  Drone  
  31  2:48  Drone  
  33  2:58  Overlord  
  33  3:00  Zergling x2  
  33  3:05  Drone  
  35  3:13  Overlord  
  35  3:19  Drone  
  36  3:20  Drone x5  
  36  3:22  Drone  
  42  3:39  Baneling  
  42  3:40  Hatchery, Zergling x2  
  42  3:46  Overlord  
  41  3:49  Drone x3  
  41  3:53  Drone  
  41  3:54  Drone x2  
  47  3:58  Extractor  
  47  3:59  Queen  
  48  4:08  Zergling x8  
  52  4:14  Roach Warren  
  50  4:24  Queen  
  52  4:33  Zergling x6  
  52  4:35  Overlord, Queen  
  57  4:41  Drone  
  57  4:42  Drone x2  
  58  4:46  Baneling  
  58  4:47  Overlord, Baneling x2  
  57  4:53  Drone x4  
  57  4:58  Drone x2  
  58  5:03  Lair  
  58  5:05  Drone  
  58  5:06  Drone  
  60  5:07  Baneling  
  60  5:08  Baneling  
  60  5:10  Drone  
  60  5:12  Drone  
  60  5:13  Extractor  
  61  5:14  Drone  
  61  5:15  Drone  
  63  5:22  Zergling x4  
  63  5:24  Zergling x2  
  66  5:30  Zergling x8  
  69  5:36  Roach x4  
  74  5:50  Baneling  
  74  5:51  Overlord  
  74  5:55  Queen x2  
  74  5:56  Overlord x2  
  78  6:01  Nydus Network  
  78  6:03  Queen  
  79  6:06  Roach  
  79  6:09  Baneling x4  
  81  6:15  Roach  
  81  6:16  Roach x3  
  89  6:20  Roach x2  
  92  6:26  Roach  
  92  6:27  Roach x2  
  94  6:35  Drone x4  
  94  6:39  Nydus Canal  
  97  6:40  Drone x4  
  97  6:41  Drone  
  97  6:45  Roach  
  97  6:46  Roach  
  106  6:51  Overlord  
  106  6:52  Overlord  
  106  6:53  Extractor  
  105  6:56  Overlord  
  105  6:59  Overlord  
  100  7:08  Roach  
  100  7:09  Roach  
  100  7:10  Roach  
  100  7:11  Roach x2  
  100  7:13  Roach  
  100  7:15  Queen  
  112  7:20  Roach x2  
  112  7:21  Roach  
  118  7:24  Roach  
  118  7:26  Drone  
  118  7:27  Drone, Extractor  
  116  7:38  Roach  
  116  7:39  Roach x5  
  128  7:46  Roach x2  
  130  7:52  Roach  
  130  7:57  Roach x2  
  130  8:03  Roach  
  130  8:05  Roach  
  128  8:08  Roach  
  126  8:12  Roach  
  126  8:15  Roach  
  126  8:17  Queen x3  
  126  8:19  Roach  
  130  8:24  Roach  
  130  8:26  Roach  
  134  8:29  Roach  
  134  8:33  Roach  
  135  8:43  Roach  
  135  8:45  Roach  
  137  8:53  Roach x2  
  137  8:56  Roach  
  138  9:04  Overlord x3  
Tags
 
Add a new tag
Caveats
  • Supply blocks, unpowered buildings, or Contaminate may cause inaccurate times.
  • Supply counts are checked every 10 seconds.